 Dungeon Crawl Stone Soup version 0.19.0-18-g426998a (webtiles) character file.

252 Monsterracer the Scratcher (level 5, -5/25 HPs)
             Began as a Felid Abyssal Knight on Nov 11, 2016.
             Was a Priest of Lugonu.
             Slain by vible's ghost (6 damage)
             ... on level 5 of the Dungeon on Nov 12, 2016.
             The game lasted 00:14:00 (5115 turns).

Monsterracer the Scratcher (Felid Abyssal Knight)   Turns: 5115, Time: 00:14:01

Health: -5/25      AC:  2    Str:  8    XL:     5   Next: 89%
Magic:  8/8        EV: 20    Int: 14    God:    Lugonu [***...]
Gold:   206        SH:  0    Dex: 17    Spells: 0 memorised, 4 levels left
                                        Lives:  0   Deaths: 1

rFire  . . .     SeeInvis +       - Unarmed
rCold  . . .     Gourm    .     (armour unavailable)
rNeg   . . .     Faith    .     (shield unavailable)
rPois  +         Spirit   .     (helmet unavailable)
rElec  .         Reflect  .     (cloak unavailable)
rCorr  .         Harm     .     (gloves unavailable)
MR     .....                    (boots unavailable)
Stlth  ++........               (no amulet)
                                (no ring)
                                f - ring of poison resistance

@: quick
A: no armour, no weapons or thrown items, stealth, claws 1, fangs 3, see
invisible, carnivore 3, speed 1, shaggy fur 2, slow metabolism 1, sharp paws
a: Depart the Abyss, Bend Space, Banish, Renounce Religion


You were on level 5 of the Dungeon.
You worshipped Lugonu.
Lugonu was most pleased with you.
You were not hungry.

You visited 1 branch of the dungeon, and saw 5 of its levels.
You visited the Abyss 1 time.

You collected 206 gold pieces.

Inventory:

Jewellery
 f - a ring of poison resistance (left paw)
 t - an uncursed ring of ice
Scrolls
 b - 2 scrolls of teleportation
 e - 6 scrolls of identify
 g - 3 scrolls of remove curse
 i - 3 scrolls of enchant armour {unknown}
 j - a scroll of immolation {unknown}
 l - a scroll of recharging {unknown}
 n - a scroll of blinking {unknown}
 o - a scroll of random uselessness {unknown}
 s - a scroll of fear {unknown}
Potions
 k - a potion of brilliance
Comestibles
 a - 2 meat rations
 m - 2 slices of pizza
 r - 2 royal jellies
 u - a beef jerky


   Skills:
 + Level 3.7 Fighting
 + Level 4.4 Dodging
 * Level 6.0 Unarmed Combat
 - Level 3.3 Invocations


You had 4 spell levels left.
You didn't know any spells.

Dungeon Overview and Level Annotations

Branches:
Dungeon (5/15)
 Temple: D:4-7

Altars:
Okawaru

Annotations:
D:5 vible's ghost, novice HOSk


Innate Abilities, Weirdness & Mutations

You cannot wear armour.
You are incapable of wielding weapons or throwing items.
Your paws allow you to move quietly. (Stealth)
You have sharp claws.
You have razor-sharp teeth.
You have supernaturally acute eyesight. (SInv)
You are carnivorous and can eat meat at any time.
You cover ground quickly.
You are covered in thick fur. (AC +2)
You have a slow metabolism.
Your sharp claws are effective at attacking unaware monsters.


Message History

Vible's ghost barely misses you.
You scratch vible's ghost but do no damage.
Vible's ghost is heavily damaged.
Vible's ghost barely misses you.
You scratch vible's ghost but do no damage.
Vible's ghost is heavily damaged.
You barely miss vible's ghost.
Vible's ghost is heavily damaged.
Vible's ghost hits you.
* * * LOW HITPOINT WARNING * * *
You barely miss vible's ghost.
Vible's ghost is heavily damaged.
Vible's ghost closely misses you.
You scratch vible's ghost but do no damage.
Vible's ghost is heavily damaged.
Vible's ghost barely misses you.
You scratch vible's ghost but do no damage.
Vible's ghost is heavily damaged.
Vible's ghost hits you.
You die...

########## #.........
############
#.########
#..........## #@#
#.####......###W######
#.# #.###.....Z.....#
#.# #.# ######..###...
#.# #.# ######..#.#
#.# #.# #..†W....# #.#
#.# #.####...... #.#
#.# #.# #.#...# #.#
#.# #.# ##.....#


You could see vible's ghost and a giant cockroach zombie.

Vanquished Creatures
  2 howler monkeys
  3 hounds (D:4)
  3 orc wizards
  Ijyb (D:3)
  3 gnolls (D:3)
  9 adders
  2 oozes
  An adder skeleton (D:4)
  4 worms
  A dart slug (D:3)
  A leopard gecko (D:3)
  6 orcs
  4 giant cockroaches
  7 goblins
  6 hobgoblins
  2 quokkas
  12 bats
  5 frilled lizards
  5 kobolds
  2 quokka skeletons (D:4)
  6 rats
85 creatures vanquished.

Notes
Turn   | Place    | Note
-------+----------+-------------------------------------------
     0 | Abyss:1  | Monsterracer the Felid Abyssal Knight began the quest for the Orb.
     0 | Abyss:1  | Reached XP level 1. HP: 10/10 MP: 3/3
    22 | D:1      | Escaped the Abyss
   148 | D:1      | Reached XP level 2. HP: 14/14 MP: 4/4
   523 | D:1      | Reached skill level 3 in Unarmed Combat
  1016 | D:2      | Reached XP level 3. HP: 11/17 MP: 5/5
  1161 | D:2      | Reached ** piety under Lugonu
  1333 | D:2      | Gained mutation: You are dopey. (Int -2) [potion of mutation]
  1333 | D:2      | Gained mutation: Your spells are a little easier to cast, but a little less powerful. [potion of mutation]
  1333 | D:2      | Gained mutation: Your body sometimes deteriorates upon taking damage. [potion of mutation]
  1334 | D:2      | Gained mutation: You are partially covered in thin metallic scales. (AC +2) [potion of mutation]
  1334 | D:2      | Gained mutation: Your flesh is cold resistant. (rC+) [potion of mutation]
  1647 | D:3      | Reached XP level 4. HP: 5/21 MP: 6/6
  1691 | D:3      | Reached skill level 4 in Unarmed Combat
  1950 | D:3      | Found an iron altar of Okawaru.
  2252 | D:3      | Reached XP level 5. HP: 15/24 MP: 8/8
  2496 | D:3      | Noticed Ijyb
  2509 | D:3      | Killed Ijyb
  2743 | D:3      | Lost mutation: Your spells are a little easier to cast, but a little less powerful. [potion of cure mutation]
  2743 | D:3      | Lost mutation: You are partially covered in thin metallic scales. (AC +2) [potion of cure mutation]
  2743 | D:3      | Lost mutation: Your body sometimes deteriorates upon taking damage. [potion of cure mutation]
  2743 | D:3      | Lost mutation: Your flesh is cold resistant. (rC+) [potion of cure mutation]
  2743 | D:3      | Lost mutation: You are dopey. (Int -2) [potion of cure mutation]
  3323 | D:3      | Reached skill level 5 in Unarmed Combat
  3530 | D:4      | Gained mutation: You are covered in thick fur. (AC +2) [Felid growth]
  3530 | D:4      | Reached XP level 6. HP: 28/28 MP: 9/9
  3834 | D:3      | Reached *** piety under Lugonu
  4971 | D:5      | Entered Level 5 of the Dungeon
  4979 | D:5      | Reached skill level 6 in Unarmed Combat
  4996 | D:5      | Noticed vible's ghost (novice HOSk)
  5034 | D:5      | HP: 1/28 [vible's ghost (2)]
  5035 | D:5      | Mangled by vible's ghost
  5036 | D:5      | Reached XP level 5. HP: -11/25 MP: 8/8
  5112 | D:5      | HP: 1/25 [vible's ghost (5)]
  5115 | D:5      | Slain by vible's ghost

Skill      XL: |  1  2  3  4  5  6 |
---------------+-------------------+-----
Invocations    | 2 3 |  3.3
Unarmed Combat | 3 4 5 6 |  6.0
Dodging        | 4 |  4.4
Fighting       | |  3.7

Action                   |  1- 3 |  4- 6 || total
-------------------------+-------+-------++-------
Melee: Unarmed           |   104 |   248 ||   352
       Bite              |    10 |    16 ||    26
       Punch             |     2 |     6 ||     8
  Use: Potion            |     5 |     7 ||    12
       Scroll            |       |     5 ||     5
 Stab: Sleeping          |     3 |     4 ||     7
       Distracted        |       |     1 ||     1
  Eat: Chunk             |     2 |    12 ||    14
Armor: Skin              |     8 |    22 ||    30
Dodge: Dodged            |    75 |   186 ||   261
